 Dungeon Crawl Stone Soup version 0.15.2 (webtiles) character file.

457 Heini the Covered (level 6, 0/57 HPs)
             Began as a Minotaur Fighter on Feb 13, 2015.
             Slain by ghwc's ghost (9 damage)
             ... on Level 4 of the Dungeon.
             The game lasted 00:06:48 (3385 turns).

Heini the Covered (Minotaur Fighter)                Turns: 3385, Time: 00:06:48

HP   0/57        AC 14     Str 22      XL: 6   Next: 77%
MP   3/3         EV  7     Int  5      God:
Gold 270         SH  9     Dex 10      Spells:  0 memorised,  5 levels left

rFire  . . .     SeeInvis .     j - +1 flail (protect)
rCold  . . .     Clarity  .     b - +0 scale mail
rNeg   + . .     rCorr    .     c - +0 shield
rPois  .         rRot     .     (helmet restricted)
rElec  .         Spirit   .     k - +0 cloak
SustAb .         Warding  +     (no gloves)
rMut   .         Stasis   .     (no boots)
Gourm  .                        e - cursed amulet of warding
MR     +....                    (no ring)
                                i - ring of protection from magic

@: somewhat resistant to hostile enchantments, extremely unstealthy
A: retaliatory headbutt, horns 2
a: no special abilities


You were on level 4 of the Dungeon.
You were not hungry.

You visited 1 branch of the dungeon, and saw 4 of its levels.

You collected 270 gold pieces.

Inventory:

Hand weapons
 j - a +1 flail of protection (weapon)
Armour
 b - a +0 scale mail (worn)
 c - a +0 shield (worn)
 k - a +0 cloak (worn)
Comestibles
 d - 4 bread rations
 f - 4 beef jerkies
Scrolls
 a - a scroll of fear
 h - 3 scrolls of identify
 l - 2 scrolls of noise {unknown}
 m - a scroll of teleportation {unknown}
 n - a scroll of remove curse {unknown}
 q - a scroll of amnesia {unknown}
 u - a scroll of enchant armour {unknown}
Jewellery
 e - a cursed amulet of warding (around neck)
 i - a ring of protection from magic (left hand)
Potions
 g - a potion of agility
 o - 2 potions of curing
 p - a potion of resistance
 s - a potion of haste


   Skills:
 * Level 5.9 Fighting
 * Level 5.1 Maces & Flails
 * Level 6.6 Armour
 - Level 3.6 Shields


You had 5 spell levels left.
You didn't know any spells.

Dungeon Overview and Level Annotations

Branches:
Dungeon (4/15)
 Temple: D:4-7

Altars:
Nemelex Xobeh

Annotations:
D:4 ghwc's ghost, experienced MiGl


Innate Abilities, Weirdness & Mutations

You reflexively headbutt those who attack you in melee.
You have a pair of horns on your head.


Message History

You headbutt ghwc's ghost, but do no damage.
Ghwc's ghost is lightly damaged.
Ghwc's ghost wails, "You will never get the ORB!"
Ghwc's ghost hits you but does no damage.
You hit ghwc's ghost but do no damage.
You headbutt ghwc's ghost, but do no damage.
Ghwc's ghost is lightly damaged.
Ghwc's ghost hits you.
You hit ghwc's ghost. Your headbutt misses ghwc's ghost.
Ghwc's ghost is moderately damaged.
Ghwc's ghost hits you!
You hit ghwc's ghost. You headbutt ghwc's ghost!
Ghwc's ghost is moderately damaged.
Ghwc's ghost hits you.
You hit ghwc's ghost. Your headbutt misses ghwc's ghost.
Ghwc's ghost is heavily damaged.
Ghwc's ghost hits you!
* * * LOW HITPOINT WARNING * * *
Ghwc's ghost hits you!
You die...

.# #.#.###.#.# .#
#.#.#...#.#
.#################.#.......#
...................###.#####
.#########...........#.# .#
#...#.######....#.# .#
#.#.#.#.####......# .#
#.#.#.#...######### .#
#.#.#.#.#.#@....# .#
#...........W.#.####
#############.#....#
####.####.# #....# #.#
#.#### #.# #.# #.#
#.#######.# #.[.......#


You could see ghwc's ghost.

Vanquished Creatures
  Prince Ribbit (D:4)
  A giant frog (D:3)
  Natasha (D:4)
  A quasit (D:3)
  5 gnolls
  5 adders
  A worm (D:3)
  An ooze (D:1)
  An orc (D:3)
  A ball python (D:2)
  2 bats
  3 giant cockroaches
  8 goblins
  7 hobgoblins
  A quokka (D:3)
  7 giant newts
  7 kobolds
  A kobold skeleton (D:4)
  7 rats
61 creatures vanquished.

Notes
Turn   | Place    | Note
--------------------------------------------------------------
     0 | D:1      | Heini, the Minotaur Fighter, began the quest for the Orb.
     0 | D:1      | Reached XP level 1. HP: 19/19 MP: 1/1
    41 | D:1      | Reached skill level 4 in Armour
    41 | D:1      | Reached XP level 2. HP: 22/27 MP: 1/1
   686 | D:1      | Reached XP level 3. HP: 33/33 MP: 2/2
  1517 | D:3      | Noticed a giant frog
  1519 | D:3      | Killed a giant frog
  1519 | D:3      | Reached skill level 5 in Fighting
  1519 | D:3      | Reached skill level 5 in Armour
  1519 | D:3      | Reached XP level 4. HP: 38/42 MP: 2/2
  1560 | D:3      | Reached XP level 5. HP: 48/48 MP: 2/2
  2942 | D:4      | Noticed Prince Ribbit
  2959 | D:4      | Killed Prince Ribbit
  2959 | D:4      | Reached skill level 5 in Maces & Flails
  2959 | D:4      | Reached skill level 6 in Armour
  2959 | D:4      | Reached XP level 6. HP: 35/57 MP: 3/3
  2988 | D:4      | Found a sparkling altar of Nemelex Xobeh.
  3005 | D:4      | Noticed ghwc's ghost (experienced MiGl)
  3016 | D:4      | Noticed Natasha
  3024 | D:4      | Killed Natasha
  3385 | D:4      | Slain by ghwc's ghost

Action                   |  1- 3 |  4- 6 || total
-------------------------+-------+-------++-------
Melee: Flail             |    64 |   140 ||   204
  Use: Scroll            |       |     8 ||     8
       Potion            |       |     1 ||     1
  Eat: Chunk             |     2 |     6 ||     8
